 Dungeon Crawl Stone Soup version 0.31-a0-154-g56bf346678 (webtiles) character file.

Game seed: 18196392989553673036

39 Moral the Cudgeller (level 3, 0/34 HPs)
             Began as a Minotaur Chaos Knight on June 12, 2023.
             Was a Plaything of Xom.
             Slain by Sigmund
             ... wielding a +0 scythe
              (7 damage)
             ... on level 2 of the Dungeon.
             The game lasted 00:04:32 (919 turns).

Moral the Cudgeller (Minotaur Chaos Knight)          Turns: 919, Time: 00:04:34

Health: 0/34       AC:  6    Str: 18    XL:     3   Next: 26%
Magic:  2/2        EV: 11    Int:  9    God:    Xom [..*...]
Gold:   31         SH:  0    Dex:  9    Spells: 2/2 levels left

rFire   . . .        a - +0 mace (chaos)
rCold   . . .        (no shield)
rNeg    . . .        b - +3 leather armour
rPois   .            (helmet restricted)
rElec   .            (no cloak)
rCorr   .            (no gloves)
SInv    .            (no boots)
Will    .....        (no amulet)
Stlth   +            (no ring)
HPRegen 0.25/turn    (no ring)
MPRegen 0.08/turn

%: no passive effects
@: no status effects
A: horns 2, retaliatory headbutt
a: Renounce Religion


You were on level 2 of the Dungeon.
You worshipped Xom.
You were a toy of Xom.
You visited 1 branch of the dungeon, and saw 2 of its levels.

You collected 31 gold pieces.

Inventory:

Hand Weapons
 a - a +0 mace of chaos (weapon)
Armour
 b - a +3 leather armour (worn)
Scrolls
 f - a scroll of immolation {unknown}
 g - a scroll of identify
Potions
 d - 2 potions of mutation {unknown}
 e - a potion of cancellation
 i - a potion of enlightenment {unknown}
 j - a potion of brilliance {unknown}
Miscellaneous
 c - a piece from Xom's chessboard (15/15) (quivered)


   Skills:
 * Level 4.3 Fighting
 * Level 4.4 Maces & Flails
 * Level 2.8 Armour
 + Level 1.2 Dodging


You had 2 spell levels left.
You didn't know any spells.
Your spell library was empty.

Dungeon Overview and Level Annotations

Branches:
Dungeon (2/15)

Altars:

Annotations:
D:2 Sigmund


Innate Abilities, Weirdness & Mutations

You have a pair of horns on your head.
You reflexively headbutt those who attack you in melee.


Message History

You punch the frilled lizard.
You kill the frilled lizard!
You see here 5 gold pieces.
You now have 31 gold pieces (gained 5).
A magic dart appears from out of thin air!
The magic dart hits you but does no damage.
There is a strange disturbance nearby!
Something hits you.
You hit something. Something hits you.
You miss something. Your headbutt misses something.
You hit something but do no damage. Your headbutt misses something.
You hear some strange, mumbled words.
A puff of flame appears from out of thin air!
The puff of flame hits you but does no damage.
Something hits you.
You barely miss something. Your headbutt misses something.
You closely miss something. Your headbutt misses something.
You hear some strange, mumbled words.
A puff of flame appears from out of thin air!
The puff of flame misses you.
You barely miss something. Something hits you but does no damage.
You thump something!
Nothing appears to happen.
Something hits you.
You hit something but do no damage. Something hits you.
You hear some strange, mumbled words.
You are confused.
Something hits you but does no damage. Something hits you!
* * * LOW HITPOINT WARNING * * *
You barely miss something. Your headbutt misses something. Something hits you.
* * * LOW HITPOINT WARNING * * *
You barely miss something. Your headbutt misses something. Something hits you.
* * * LOW HITPOINT WARNING * * *
Okay, then.
You miss something. Your headbutt misses something.
You feel less confused.
You hear some strange, mumbled words.
A puff of flame appears from out of thin air!
The puff of flame misses you. Something hits you!
You die... "It's all fun and games until someone loses an eye."

.†...######.. #.....#
............. #.....#
.........#... #.....#
.#.#####......#.....#
...## #... #.##### #
.........#...##.#######.#
....####)................
#........................
....###........{@........
...... ..#######..†......
#.#.#... ...........
.#.#.# #............ #
+............
#......###... #......#
... .......# ..


There were no monsters in sight!

Vanquished Creatures
  3 endoplasms
  A giant cockroach (D:1)
  2 goblins
  6 jackals (D:1)
  4 kobolds
  2 quokkas (D:1)
  A ball python (D:1)
  9 bats
  3 frilled lizards
  3 rats (D:1)
34 creatures vanquished.

Notes
Turn   | Place    | Note
-------+----------+-------------------------------------------
     0 | D:1      | Moral the Minotaur Chaos Knight began the quest for the
                  | Orb.
     0 | D:1      | Reached XP level 1. HP: 19/19 MP: 0/0
   128 | D:1      | Reached XP level 2. HP: 27/27 MP: 1/1
   335 | D:1      | Reached XP level 3. HP: 34/34 MP: 2/2
   898 | D:2      | Noticed Sigmund
   919 | D:2      | Slain by Sigmund

Illustrated notes

Levels and vault maps discovered:
D:1:      sevenhm_arrival_forest_fort_large_4, layout_basic
D:2:      layout_basic, uniq_terence, uniq_jessica, uniq_sigmund

Skill      XL: |  1  2 |
---------------+-------+-----
Maces & Flails | 4 |  4.4
Fighting       | 4 |  4.3
Armour         | |  2.8
Dodging        | |  1.2

Action                     || total
---------------------------++-------
  Melee: Mace              ||    69
         Headbutt          ||     6
         Punch             ||     2
    Use: Scroll            ||     6
 Armour: Leather armour    ||    42
  Dodge: Dodged            ||    59

Table legend: (Time is in decaauts)
 A = Elapsed time spent in this place.
 B = Non-inter-level travel time spent in this place.
 C = Inter-level travel time spent in this place.
 D = Time resting spent in this place.
 E = Time spent auto-exploring this place.
 F = Levels seen in this place.
 G = Mean time per level.
                   A        B        C        D        E       F      G
               +--------+--------+--------+--------+--------+-----+--------+
         Total |    931 |    931 |      0 |      0 |    664 |   2 |  465.5 |
       Dungeon |    931 |    931 |      0 |      0 |    664 |   2 |  465.5 |
               +--------+--------+--------+--------+--------+-----+--------+

Top non-repeatable levels by time:
     D:1: 803 daAuts
     D:2: 128 daAuts
